 Dungeon Crawl Stone Soup version 0.31-a0-208-gdb31a4691d (webtiles) character file.

Game seed: 13755457660718708840

70 Hubris850 the Grave Robber (level 4, -2/30 HPs)
             Began as a Vampire Necromancer on June 28, 2023.
             Shot with a sling bullet by a kobold (5 damage)
             ... on level 2 of the Dungeon.
             The game lasted 00:02:06 (830 turns).

Hubris850 the Grave Robber (Vampire Necromancer)     Turns: 830, Time: 00:02:07

Health: -2/30      AC:  2    Str:  7    XL:     4   Next: 4%
Magic:  3/8        EV: 12    Int: 19    God:
Gold:   65         SH:  0    Dex: 14    Spells: 7/8 levels left

rFire   . . .        c - +1 dagger (drain)
rCold   . . .        (no shield)
rNeg    . . .        a - +0 robe
rPois   .            (no helmet)
rElec   .            (no cloak)
rCorr   .            (no gloves)
SInv    +            (no boots)
Will    .....        (no amulet)
Stlth   +++          (no ring)
HPRegen 0.45/turn    (no ring)
MPRegen 0.11/turn

%: no passive effects
@: healing quickly
A: alive, fangs 3, see invisible, vampiric 2
a: Exsanguinate


You were on level 2 of the Dungeon.
You visited 1 branch of the dungeon, and saw 2 of its levels.

You collected 65 gold pieces.

Inventory:

Hand Weapons
 c - a +1 dagger of draining (weapon)
Missiles
 h - 3 poisoned darts
Armour
 a - a +0 robe (worn)
Scrolls
 g - a scroll of revelation {unknown}
Potions
 b - a potion of magic
 d - a potion of curing {unknown}
 e - a potion of attraction {unknown}
 f - a potion of degeneration {unknown}
 i - 2 potions of cancellation {unknown}


   Skills:
 - Level 2.1 Dodging
 + Level 4.7 Stealth
 + Level 2.8 Spellcasting
 + Level 5.0 Necromancy


You had 7 spell levels left.
You knew the following spells:

 Your Spells              Type           Power      Damage    Failure   Level
a - Necrotise             Necr           84%        1d8       1%          1

Your spell library contained the following spells:

 Spells                   Type           Power      Damage    Failure   Level
 Vampiric Draining        Necr           21%        2d7       6%          3
 Animate Dead             Necr           21%        N/A       19%         4
 Agony                    Necr           21%        N/A       47%         5


Dungeon Overview and Level Annotations

Branches:
Dungeon (2/15)

Altars:


Innate Abilities, Weirdness & Mutations

Your natural rate of healing is accelerated.
You have razor-sharp teeth.
You have supernaturally acute eyesight. (SInv)
You are afflicted with vampirism and can become a bat while bloodless.


Message History

Jessica points at you and mumbles some strange words.
Pain shoots through your body!
* * * LOW HITPOINT WARNING * * *
Unknown command.
You closely miss Jessica. You bite Jessica.
Jessica is heavily wounded.
Jessica barely misses you. Jessica completely misses you.
You hit Jessica but do no damage. You drain Jessica.
Jessica is almost dead.
Jessica hits you with a +0 dagger.
* * * LOW HITPOINT WARNING * * *
You hit Jessica.
Jessica is almost dead.
Jessica hits you with a +0 dagger.
* * * LOW HITPOINT WARNING * * *
Jessica barely misses you.
You hit Jessica.
You kill Jessica!
The kobold shoots a sling bullet.
The sling bullet barely misses you.
Your Necromancy skill increases to level 5!
You have reached level 4!
You hit the goblin.
The goblin is severely wounded.
The goblin closely misses you.
You hit the goblin.
You kill the goblin!
You barely miss the adder. Your bite misses the adder.
The adder is severely wounded.
The adder closely misses you.
You hit the adder. Your bite misses the adder.
The adder is almost dead.
Your adder skeleton closely misses the adder.
The adder bites you.
* * * LOW HITPOINT WARNING * * *
Your adder skeleton bites the adder.
You hit the adder.
You kill the adder!
Your adder skeleton bites the kobold.
The kobold shoots a sling bullet.
The sling bullet hits you.
You die...

####### #.....#
########### #.###.#
...$....?.# #.###†#
....[.....#####.....####
...)......#K)@.........#
..........#Z##########.#
......gS.........# #.#
....§.....#.####.# #.#
.....)....#.# #.#
#.........#.# #.#
#...........# #.#
#.........### #.#
#.[.......# #.#


You could see a kobold (ally target) and a friendly adder skeleton.

Vanquished Creatures
  Jessica (D:2)
  A gnoll (D:1)
  2 adders (D:2)
  A bat (D:1)
  An endoplasm (D:2)
  3 giant cockroaches
  4 goblins
  6 jackals (D:1)
  2 kobolds (D:1)
  2 ball pythons
  A rat (D:1)
24 creatures vanquished.

Notes
Turn   | Place    | Note
-------+----------+-------------------------------------------
     0 | D:1      | Hubris850 the Vampire Necromancer began the quest for the
                  | Orb.
     0 | D:1      | Reached XP level 1. HP: 13/13 MP: 3/3
   247 | D:1      | Reached XP level 2. HP: 5/19 MP: 3/5
   739 | D:2      | Gained mutation: You are afflicted with vampirism and can
                  | become a bat while bloodless. [Vampire growth]
   739 | D:2      | Reached XP level 3. HP: 24/24 MP: 6/6
   800 | D:2      | Noticed Jessica
   824 | D:2      | HP: 1/24 [Jessica/+0 dagger (1)]
   825 | D:2      | Killed Jessica
   826 | D:2      | Reached skill level 5 in Necromancy
   826 | D:2      | Reached XP level 4. HP: 2/30 MP: 3/8
   830 | D:2      | Shot with a sling bullet by a kobold

Illustrated notes

Levels and vault maps discovered:
D:1:      dpeg_arrival_round_a, layout_basic
D:2:      layout_basic, uniq_jessica

Skill      XL: |  1  2  3 |
---------------+----------+-----
Stealth        | 4 |  4.7
Necromancy     | 5 |  5.0
Dodging        | |  2.1
Spellcasting   | |  2.8

Action                     |  1- 3 |  4- 6 || total
---------------------------+-------+-------++-------
  Melee: Dagger            |    64 |     5 ||    69
         Bite              |     4 |       ||     4
   Cast: Necrotise         |     5 |       ||     5
   Stab: Sleeping          |     2 |       ||     2
 Armour: Robe              |    15 |       ||    15
  Dodge: Dodged            |    53 |     2 ||    55

Table legend: (Time is in decaauts)
 A = Elapsed time spent in this place.
 B = Non-inter-level travel time spent in this place.
 C = Inter-level travel time spent in this place.
 D = Time resting spent in this place.
 E = Time spent auto-exploring this place.
 F = Levels seen in this place.
 G = Mean time per level.
                   A        B        C        D        E       F      G
               +--------+--------+--------+--------+--------+-----+--------+
         Total |    829 |    805 |     24 |     22 |    599 |   2 |  414.5 |
       Dungeon |    829 |    805 |     24 |     22 |    599 |   2 |  414.5 |
               +--------+--------+--------+--------+--------+-----+--------+

Top non-repeatable levels by time:
     D:1: 734 daAuts
     D:2: 94 daAuts
